 Dungeon Crawl Stone Soup version 0.24-a0-693-g39a19ac0f1 (webtiles) character file.

Game seed: 15720665369295105413, levelgen mode: deterministic

136 Arixos the Grave Robber (level 4, -2/33 HPs)
             Began as a Mummy Necromancer on Sept 28, 2019.
             Killed from afar by Sigmund (15 damage)
             ... with a puff of flame
             ... on level 2 of the Dungeon.
             The game lasted 00:19:38 (1860 turns).

Arixos the Grave Robber (Mummy Necromancer)         Turns: 1860, Time: 00:19:39

Health: -2/33      AC:  2    Str: 11    XL:     4   Next: 98%
Magic:  9/9        EV: 13    Int: 15    God:
Gold:   84         SH:  0    Dex: 19    Spells: 6/10 levels left

rFire    x . .     SeeInvis .   c - +0 club
rCold    + . .     Gourm    .   (no shield)
rNeg     + + +     Faith    .   a - +0 robe
rPois    ∞         Spirit   .   (no helmet)
rElec    .         Reflect  .   (no cloak)
rCorr    .         Harm     .   (no gloves)
MR       .....                  (no boots)
Stlth    ++........             (no amulet)
HPRegen  0.11/turn              e - +3 ring of dexterity
MPRegen  0.11/turn              g - +4 ring of dexterity

@: no status effects
A: no food or potions, fire vulnerability, cold resistance 1, negative energy
resistance 3, torment resistance, unbreathing
a: no special abilities


You were on level 2 of the Dungeon.
You were not hungry.

You visited 1 branch of the dungeon, and saw 2 of its levels.

You collected 84 gold pieces.

Inventory:

Hand Weapons
 c - a +0 club (weapon)
Armour
 a - a +0 robe (worn)
Jewellery
 e - a +3 ring of dexterity (left hand)
 g - a +4 ring of dexterity (right hand)
Scrolls
 b - 3 scrolls of identify {unknown}
 d - a scroll of magic mapping {unknown}
 f - a scroll of blinking {unknown}
 h - a scroll of teleportation {unknown}


   Skills:
 + Level 1.8 Fighting
 + Level 2.3 Dodging
 + Level 2.4 Stealth
 + Level 3.7 Spellcasting
 + Level 4.5 Necromancy


You had 6 spell levels left.
You knew the following spells:

 Your Spells              Type           Power        Failure   Level  Hunger
a - Pain                  Necr           ###.         3%          1    N/A
b - Vampiric Draining     Necr           ###.......   9%          3    N/A

Your spell library contained the following spells:

 Spells                   Type           Power        Failure   Level  Hunger
 Animate Skeleton         Necr           N/A          3%          1    N/A
 Animate Dead             Necr           N/A          28%         4    N/A
 Regeneration             Chrm/Necr      Unusable     N/A         3    N/A

Dungeon Overview and Level Annotations

Branches:
Dungeon (2/15)

Altars:

Annotations:
D:2 Sigmund


Innate Abilities, Weirdness & Mutations

You do not eat or drink.
Your flesh is vulnerable to fire.
You are immune to poison.
Your flesh is cold resistant. (rC+)
You are immune to negative energy. (rN+++)
You are immune to unholy pain and torment.
You can survive without breathing.


Message History

You see here 2 stones.
Casting: Pain (safe; 3% risk of failure)
Confirm with . or Enter, or press ? or * to list all spells.
Aiming: Pain (safe; 3% risk of failure)
Press: ? - help, Shift-Dir - straight line, f - Sigmund
Aim: Sigmund, wielding a +2 vampiric scythe and wearing a +0 robe (chance to defeat MR: 81%) Sigmund writhes in agony!
Sigmund hits you from afar with a +2 vampiric scythe!
Sigmund says, "I'm your fate."
You open the door. Sigmund casts a spell at you. The magic dart hits you!
Found a purple potion.
There is an open door here.
A kobold comes into view. It is wielding a +0 short sword.
You close the door.
Sigmund opens the door.
Sigmund points at you and mumbles some strange words.
The puff of flame hits you! The fire burns you terribly!
You die...

.♣ ♣... #.#..####..)#
.♣ ♣...# #.#..# #.#%#
♣
♣[♣..##.#..####.#.####
♣...@(.)....(.......>#
♣♣..###@#..######.##.#
.♣♣ ♣..####'#..# #..#
# ..♣ ...!........#
##.# ..♣
♣.♣..........# .. ....
. ♣......@...# #..
###. ...........# ..#
# ..K........# ..# #
...........# #
#######.#..# #.####
### #.. ..# ### ..#


You could see Sigmund and a kobold (wandering).

Vanquished Creatures
  Terence (D:2)
  Natasha (thrice) (D:2)
  2 adders (D:2)
  A giant cockroach (D:1)
  4 goblins
  4 hobgoblins
  2 bats (D:1)
  A frilled lizard (D:1)
  3 kobolds
  4 rats
25 creatures vanquished.

Notes
Turn   | Place    | Note
-------+----------+-------------------------------------------
     0 | D:1      | Arixos the Mummy Necromancer began the quest for the Orb.
     0 | D:1      | Reached XP level 1. HP: 13/13 MP: 4/4
   377 | D:1      | Reached XP level 2. HP: 20/20 MP: 2/5
   920 | D:2      | Noticed Natasha
   930 | D:2      | Noticed a crimson imp
   934 | D:2      | Noticed a crimson imp
   934 | D:2      | Killed Natasha
   934 | D:2      | Reached skill level 1 in Fighting
   934 | D:2      | Reached XP level 3. HP: 16/26 MP: 0/7
   986 | D:2      | Noticed Natasha
   991 | D:2      | Killed Natasha
   991 | D:2      | Reached XP level 4. HP: 25/32 MP: 1/9
  1001 | D:2      | Noticed Natasha
  1024 | D:2      | Killed Natasha
  1273 | D:2      | Learned a level 3 spell: Vampiric Draining
  1279 | D:2      | Noticed Terence
  1291 | D:2      | Killed Terence
  1456 | D:2      | Noticed Sigmund
  1860 | D:2      | Killed from afar by Sigmund

Levels and vault maps discovered:
D:1:      dpeg_arrival_leaves_temple_mockup, layout_basic,
          chequers_serial_rivers_small_3
D:2:      layout_basic, chequers_ecumenical_altar_grove, uniq_natasha,
          uniq_sigmund, uniq_terence

Skill      XL: |  1  2 |
---------------+-------+-----
Spellcasting   | 3 |  3.7
Fighting       | 1 |  1.8
Dodging        | 2 |  2.3
Stealth        | 2 |  2.4
Necromancy     | |  4.5

Action                   |  1- 3 |  4- 6 || total
-------------------------+-------+-------++-------
Melee: Club              |     9 |    13 ||    22
       Unarmed           |     1 |       ||     1
 Cast: Pain              |    34 |    25 ||    59
       Vampiric Draining |       |     1 ||     1
 Stab: Sleeping          |     1 |     2 ||     3
Armor: Robe              |     4 |       ||     4
Dodge: Dodged            |    15 |    13 ||    28

Table legend:
 A = Non-vault XP
 B = Vault XP
 C = Vault XP percentage of total XP
 D = Non-vault monster count
 E = Vault monster count
 F = Vault count percentage of total count
                 A         B        C        D         E       F
            +---------+---------+-------+---------+---------+-------
      Total |     122 |      73 |  37.4 |      23 |       2 |   8.0
            +---------+---------+-------+---------+---------+-------
        D:1 |      21 |       0 |   0.0 |      13 |       0 |   0.0
        D:2 |     101 |      73 |  42.0 |      10 |       2 |  16.7
            +---------+---------+-------+---------+---------+-------
